Map: Void Training Stage 3

Players

Piroxiljin

  • Race: Terran Terran
  • Spawn Location: 12:00

Player 2 - Winner!

  • Race: Zerg Zerg
  • Spawn Location: 6:00

VOD

Have the link to the VOD?

Description

Time

  • Played on: Jan. 12, 2019, 3:39 p.m.
  • Length: 11:54
Show
View Real Time Build Order
Export as new Build Order

Piroxiljin Terran 

Build Orders:  

Get SALT Encoding   

  12  0:04  SCV  
  13  0:16  SCV  
  14  0:22  Supply Depot  
  14  0:28  SCV  
  15  0:43  SCV  
  16  0:55  Barracks  
  16  1:00  Refinery  
  16  1:06  SCV  
  17  1:18  SCV  
  18  1:20  Supply Depot  
  18  1:30  SCV  
  19  2:00  Engineering Bay  
  19  2:02  Orbital Command  
  19  2:19  Barracks Tech Lab, Command Center  
  19  2:32  SCV  
  20  2:44  SCV  
  21  2:46  Refinery  
  21  3:16  Factory  
  21  3:33  SCV  
  22  3:36  SCV  
  23  3:48  SCV  
  23  3:53  Barracks Tech Lab  
  24  4:12  Marine  
  25  4:23  Terran Infantry Weapons Level 1  
  25  4:26  Siege Tank  
  28  4:45  SCV  
  29  4:46  SCV  
  30  4:58  Reaper  
  31  5:11  Bunker  
  31  5:36  SCV  
  31  5:39  Orbital Command  
  31  5:42  Bunker  
  32  5:47  Reaper  
  33  5:58  Siege Tank  
  33  6:02  SCV  
  37  6:06  SCV  
  38  6:14  SCV  
  39  6:26  Reaper  
  40  6:58  Reaper  
  41  7:34  Cyclone  
  41  7:36  Marine  
  45  7:47  Starport  
  45  7:53  Marine  
  46  8:14  Supply Depot  
  46  8:16  Supply Depot  
  46  8:19  Supply Depot  
  46  8:35  SCV, Cyclone, Marine  
  53  8:53  Marine  
  54  8:57  Medivac  
  54  9:08  Cyclone  
  57  9:27  Medivac  
  59  9:49  Marine  
  60  9:58  Command Center  
  52  10:11  Liberator  
  43  10:24  Cyclone  
  45  10:28  Marine  
  31  11:08  Reaper  
Show
View Real Time Build Order
Export as new Build Order

Player 2 Zerg - Winner!

Build Orders: Hatch First, Muta Ling Bane 

Get SALT Encoding   

  12  0:00  Drone  
  13  0:13  Overlord  
  13  0:18  Drone  
  14  0:31  Drone  
  14  0:34  Drone  
  16  0:36  Drone  
  17  0:56  Hatchery  
  16  0:57  Drone  
  17  1:13  Spawning Pool  
  17  1:14  Drone  
  17  1:17  Drone  
  18  1:21  Extractor  
  18  1:22  Drone  
  18  1:29  Overlord  
  18  2:00  Queen, Zergling x2  
  21  2:01  Zergling x2  
  21  2:02  Roach Warren, Drone  
  21  2:03  Extractor  
  21  2:08  Drone  
  22  2:39  Overlord  
  22  2:42  Roach  
  24  2:44  Extractor  
  24  2:47  Drone  
  24  2:53  Roach  
  24  2:56  Baneling Nest  
  24  2:58  Drone  
  26  3:05  Roach  
  28  3:09  Drone  
  29  3:13  Drone  
  29  3:16  Drone, Roach  
  34  3:20  Drone  
  34  3:24  Drone  
  35  3:27  Lair  
  35  3:42  Baneling  
  35  3:52  Extractor, Drone  
  35  3:56  Drone  
  35  4:02  Overlord  
  36  4:06  Drone  
  36  4:08  Zergling x2  
  38  4:16  Drone  
  39  4:19  Zergling x2  
  39  4:20  Drone  
  39  4:23  Drone  
  42  4:25  Spire  
  42  4:29  Drone  
  42  4:31  Baneling  
  42  4:41  Overlord  
  42  4:51  Drone  
  43  4:55  Drone  
  43  4:58  Drone  
  45  5:01  Drone  
  45  5:04  Drone  
  47  5:08  Drone  
  47  5:13  Overlord  
  48  5:16  Drone  
  48  5:19  Drone  
  50  5:22  Drone  
  50  5:25  Drone  
  50  5:28  Drone  
  53  5:31  Drone  
  53  5:34  Drone  
  55  5:36  Overlord  
  55  5:37  Drone  
  55  5:39  Mutalisk  
  58  5:45  Drone  
  59  5:50  Drone  
  59  5:51  Zergling x2  
  59  5:53  Drone  
  62  6:01  Drone  
  62  6:02  Zergling x2  
  64  6:07  Drone  
  64  6:11  Overlord  
  65  6:14  Baneling  
  65  6:18  Drone  
  66  6:20  Overseer  
  66  6:22  Drone, Overseer  
  66  6:24  Mutalisk  
  66  6:25  Baneling  
  69  6:28  Evolution Chamber  
  69  6:30  Spore Crawler  
  67  6:34  Spore Crawler  
  67  6:36  Drone, Mutalisk, Spore Crawler  
  67  6:39  Spore Crawler  
  67  6:43  Queen  
  68  6:47  Drone  
  68  6:48  Overlord, Zergling x2  
  68  6:50  Drone  
  71  6:54  Drone  
  71  6:58  Spine Crawler  
  71  6:59  Drone, Zergling x2  
  73  7:02  Spine Crawler, Drone  
  73  7:08  Spine Crawler  
  72  7:10  Drone  
  72  7:11  Spine Crawler, Zergling x2  
  72  7:15  Queen  
  75  7:16  Drone  
  75  7:21  Drone, Overlord  
  75  7:22  Mutalisk, Infestation Pit  
  79  7:25  Drone  
  79  7:28  Drone  
  80  7:33  Mutalisk  
  82  7:37  Drone  
  82  7:41  Hydralisk Den  
  82  7:43  Evolution Chamber, Drone  
  82  7:48  Drone  
  82  7:49  Mutalisk  
  85  8:01  Hive  
  85  9:15  Viper  
  88  9:19  Pneumatized Carapace  
  88  9:20  Overseer  
  88  9:21  Zerg Ground Armor Level 1, Centrifical Hooks, Zerg Melee Weapons Level 1, Metabolic Boost  
  88  9:22  Burrow  
  88  9:24  Greater Spire, Ultralisk Cavern  
  88  9:29  Hatchery  
  86  9:59  Zergling x2  
  84  10:04  Zergling x2  
  80  10:08  Zergling x2  
  80  10:12  Zergling x2  
  78  10:17  Zergling x2  
  79  10:22  Zergling x2  
  79  10:25  Mutalisk  
  82  10:30  Mutalisk  
  82  10:35  Baneling, Zergling x2  
  85  10:37  Spire  
  85  10:40  Baneling x2, Zergling x2  
  85  10:42  Drone, Queen  
  88  10:44  Baneling  
  88  10:45  Drone  
  88  10:48  Drone  
  90  10:51  Drone  
  90  10:53  Extractor  
  90  10:54  Drone  
  90  10:55  Spore Crawler  
  91  10:57  Drone  
  91  10:58  Extractor, Spore Crawler  
  91  11:00  Drone  
  91  11:02  Drone  
  91  11:05  Drone  
  91  11:08  Drone  
  93  11:22  Spine Crawler  
  93  11:23  Spine Crawler, Drone  
  92  11:25  Drone  
Tags
 
Add a new tag
Caveats
  • Supply blocks, unpowered buildings, or Contaminate may cause inaccurate times.
  • Supply counts are checked every 10 seconds.